 Dungeon Crawl Stone Soup version 0.24-a0-584-g9d6b971ae4 (webtiles) character file.

Game seed: 2646909881392094553, levelgen mode: deterministic

17283 DavidChitty2 the Destroyer (level 12, -6/106 HPs)
             Began as a Red Draconian Conjurer on Sept 5, 2019.
             Was a High Priest of Sif Muna.
             Mangled by a yak (17 damage)
             ... on level 2 of the Lair of Beasts.
             The game lasted 00:36:23 (18751 turns).

DavidChitty2 the Destroyer (DrCj)                  Turns: 18751, Time: 00:36:24

Health: -6/106     AC: 14    Str: 10    XL:     12   Next: 17%
Magic:  18/39      EV: 12    Int: 20    God:    Sif Muna [*****.]
Gold:   708        SH:  5    Dex: 13    Spells: 17/28 levels left

rFire    + . .     SeeInvis .   a - staff of power {!a}
rCold    + . .     Gourm    .   C - +0 buckler
rNeg     . . .     Faith    .   (armour unavailable)
rPois    .         Spirit   .   (helmet restricted)
rElec    .         Reflect  .   h - +1 cloak
rCorr    .         Harm     .   k - +0 pair of gloves
MR       .....                  A - +2 pair of boots
Stlth    ++........             (no amulet)
HPRegen  0.27/turn              o - ring of protection from cold
MPRegen  0.26/turn              n - ring of wizardry

@: short of breath
A: breathe fire, unfitting armour, fire resistance 1, cold-blooded, AC +8
a: Breathe Fire, Channel Magic, Forget Spell, Divine Exegesis, Renounce Religion


You were on level 2 of the Lair of Beasts.
You worshipped Sif Muna.
Sif Muna was extremely pleased with you.
You were not hungry.

You visited 2 branches of the dungeon, and saw 12 of its levels.

You collected 708 gold pieces.

Inventory:

Hand Weapons
 b - a +1 spear
   (You took it off a gnoll on level 1 of the Dungeon)
 I - the +6 whip of the Spinneret {drain, rPois Int-4 SInv}
   (You took it off a big kobold on level 9 of the Dungeon)

   A truly terrible weapon, it drains the life of those it strikes.
   It affects your intelligence (-4).
   It protects you from poison.
   It lets you see invisible.
 L - the +2 rapier of Kindness {venom, *Drain +Fly Str+3, unknown}
   (You found it on level 1 of the Lair of Beasts)

   It poisons the flesh of those it strikes.
   It affects your strength (+3).
   It lets you fly.
   It causes draining when unequipped.
Missiles
 D - 3 throwing nets {!f}
 E - 14 poisoned darts (quivered)
Armour
 h - a +1 cloak (worn)
   (You found it on level 2 of the Dungeon)
 k - a +0 pair of gloves (worn)
   (You found it on level 2 of the Dungeon)
 A - a +2 pair of boots (worn)
   (You found it on level 6 of the Dungeon)
 C - a +0 buckler (worn)
   (You found it on level 7 of the Dungeon)
Magical Staves
 a - an uncursed staff of power (weapon) {!a}
   (You found it on level 2 of the Dungeon)
Jewellery
 n - a ring of wizardry (right hand)
   (You found it on level 3 of the Dungeon)
 o - a ring of protection from cold (left hand)
   (You found it on level 7 of the Dungeon)
 B - an uncursed ring of resist corrosion
   (You found it on level 6 of the Dungeon)
 J - an uncursed ring of ice
   (You found it on level 1 of the Dungeon)
 N - an uncursed amulet of guardian spirit {unknown}
   (You found it on level 1 of the Lair of Beasts)
 P - an uncursed amulet of guardian spirit {unknown}
   (You found it on level 1 of the Lair of Beasts)
Wands
 d - a wand of iceblast (19)
   (You found it on level 10 of the Dungeon)
 p - a wand of polymorph (7)
   (You took it off Terence on level 3 of the Dungeon)
 t - a wand of flame (14)
   (You found it on level 5 of the Dungeon)
 u - a wand of paralysis (3)
   (You found it on level 1 of the Lair of Beasts)
 x - a wand of acid (7)
   (You found it on level 5 of the Dungeon)
 H - a wand of scattershot (4)
   (You found it on level 9 of the Dungeon)
Scrolls
 g - a scroll of amnesia
 i - 5 scrolls of remove curse {@r2}
 j - 3 scrolls of enchant weapon
 l - 2 scrolls of teleportation {@r4}
 y - a scroll of fear
 G - a scroll of fog
Potions
 c - a potion of might
 f - 3 potions of brilliance
 m - a potion of heal wounds {unknown}
 q - a potion of magic
 r - 2 potions of curing {@q1}
 s - 2 potions of ambrosia
 v - 2 potions of flight
 w - a potion of berserk rage
 z - 2 potions of resistance
 F - a potion of mutation {!q}
 K - a potion of haste {@q3}
 M - a potion of invisibility
Comestibles
 e - 18 rations {!d}
 O - 6 chunks of flesh


   Skills:
 + Level 10.2 Fighting
 - Level 1.7 Dodging
 - Level 1.7 Stealth
 - Level 4.0 Shields
 + Level 8.9 Spellcasting
 - Level 10.3 Conjurations
 - Level 5.0 Summonings
 - Level 5.0 Air Magic
 * Level 9.3 Invocations


You had 17 spell levels left.
You knew the following spells:

 Your Spells              Type           Power        Failure   Level  Hunger
a - Magic Dart            Conj           ####         1%          1    None
s - Searing Ray           Conj           ######       1%          2    None
x - Iskenderun's Mystic   Conj           ######..     1%          4    ###....
z - Summon Lightning Spi  Summ/Air       ####....     4%          4    ###....

Your spell library contained the following spells:

 Spells                   Type           Power        Failure   Level  Hunger
 Summon Small Mammal      Summ           ####         1%          1    None
 Call Imp                 Summ           ####....     1%          2    None
 Call Canine Familiar     Summ           ####....     1%          3    None
 Dazzling Spray           Conj/Hex       ####..       1%          3    None
 Static Discharge         Conj/Air       #####...     1%          3    None
 Summon Guardian Golem    Hex/Summ       ###.....     3%          3    None
 Force Lance              Conj/Tloc      ####....     4%          4    ###....
 Fulminant Prism          Conj/Hex       ####......   4%          4    ###....
 Summon Ice Beast         Ice/Summ       ###.....     12%         4    ###....
 Freezing Cloud           Conj/Ice/Air   ####......   47%         6    ######.
 Borgnjor's Revivificati  Necr           #.........   100%        8    #######


Dungeon Overview and Level Annotations

Branches:
Dungeon (10/15)            Temple (0/1) D:6            Lair (2/6) D:8
 Spider (0/4) Lair:2
  Swamp: Lair:2-4    Shoals: Lair:2-4       Orc: D:9-12

Altars:
Elyvilon
Kikubaaqudgha
Okawaru
Sif Muna
Trog
Wu Jian
Yredelemnul
The Shining One

Annotations:
D:2 exclusion: downstairs
D:7 exclusion: downstairs


Innate Abilities, Weirdness & Mutations

You can breathe blasts of fire.
Your fiery red scales are hard. (AC +8)
You cannot fit into any form of body armour.
Your flesh is heat resistant. (rF+)
You are cold-blooded and may be slowed by cold attacks.


Message History

An electric hum fills the air.
Your lightning spire disappears in a puff of smoke!
The yak gores you!
* * * LOW HITPOINT WARNING * * *
Your lightning spire shoots out a bolt of lightning at the yak!
The bolt of electricity hits the yak! x2
The yak dies!
Sif Muna accepts your kill.
The yak gores your lightning spire but does no damage.
Aim: a yak (heavily wounded)
The magic dart hits the yak.
Aim: a yak (severely wounded)
The magic dart hits the yak but does no damage.
The yak gores you!
* * * LOW HITPOINT WARNING * * *
Aim: a yak (severely wounded) Really fire at your lightning spire?
The orb of energy hits the yak!!
You kill the yak!
Sif Muna accepts your kill.
You have got your breath back.
Aim: a yak You breathe a blast of fire.
The fiery breath hits the yak!
You feel somewhat more hungry.
The yak is engulfed in blazing flames.
Aim: a jumping spider (moderately wounded, clinging)
The magic dart hits the jumping spider.
Aim: a jumping spider (heavily wounded)
The magic dart hits the yak.
The jumping spider leaps!
Your lightning spire shoots out a bolt of lightning at the jumping spider!
The bolt of electricity hits the jumping spider!
Aim: a jumping spider (severely wounded)
The magic dart hits the jumping spider.
The yak gores you!
* * * LOW HITPOINT WARNING * * *
The jumping spider leaps!
Your lightning spire shoots out a bolt of lightning at the jumping spider!
The bolt of electricity hits the plant!
The bolt of electricity hits the jumping spider.
The jumping spider dies!
Sif Muna accepts your kill.
Aim: a yak (severely wounded)
The magic dart hits the yak.
The yak gores you!
* * * LOW HITPOINT WARNING * * *
Aim: a yak (severely wounded)
The magic dart hits the yak.
You block the yak's attack.
Aim: a yak (severely wounded)
The magic dart hits the yak but does no damage.
The yak gores you but does no damage.
Aim: a yak (severely wounded)
The magic dart hits the yak!
The yak gores you!
You die...

..............##
........#..####
....##.....## ...
##.....## . ##.....#
#.#....###
####P....#
#.<.#.###### ## #
###..@Y#.#.##P#.##..
#......°..........
###.........†.....
##8.............
###.P##...≈≈≈.≈
#####P.≈.≈≈.≈
#..≈≈.≈.≈ ##.≈≈≈...
.....>.


You could see a yak and a friendly lightning spire.

Vanquished Creatures
  A hydra (D:8)
  Harold (D:7)
  A two-headed ogre (D:8)
  The ghost of hitsuchi the Prestidigitator, a novice DrTm of Okawaru (D:8)
  Sonja (Lair:1)
  The ghost of PeterQ the Covert, a novice OpAs of Okawaru (D:6)
  An elephant (D:8)
  A spiny frog (Lair:1)
  3 kobold demonologists (D:9)
  A komodo dragon (Lair:1)
  2 trolls (D:10)
  Grinder (D:6)
  3 hippogriffs
  2 dream sheep (D:8)
  3 blink frogs (Lair:2)
  A redback (Lair:2)
  A wraith (D:10)
  17 yaks
  Grum (D:8)
  A basilisk (D:8)
  Menkaure (D:5)
  A steam dragon (D:9)
  6 sky beasts
  2 phantoms
  2 orc warriors
  A black bear (D:10)
  An eye of draining (D:8)
  4 wolves
  5 centaurs
  An ogre (D:6)
  2 necrophages (D:10)
  4 crocodiles
  Blork the orc (D:3)
  11 big kobolds
  4 bullfrogs
  A water moccasin zombie (D:8)
  A water moccasin skeleton (D:8)
  4 scorpions
  4 wights (D:8)
  4 crimson imps
  5 quasits (D:6)
  6 hounds
  5 human zombies (D:10)
  3 jellies
  4 orc priests
  Crazy Yiuf (D:5)
  A bullfrog skeleton (D:5)
  2 centaur skeletons
  7 orc wizards
  Terence (D:3)
  A human skeleton (D:10)
  2 iguanas
  8 worker ants
  2 ogre skeletons (D:10)
  A hound zombie (D:6)
  A hound skeleton (D:6)
  A mummy (D:10)
  A howler monkey zombie (D:7)
  A gnoll (D:1)
  6 adders
  4 shadow imps
  An ooze (D:3)
  An adder skeleton (D:6)
  4 worms
  4 dart slugs
  8 leopard geckos
  27 orcs
  6 bats
  4 giant cockroaches
  3 goblins
  8 hobgoblins
  18 jackals
  9 kobolds
  5 quokkas
  5 frilled lizards
  A jackal skeleton (D:6)
  A leopard gecko skeleton (D:4)
  A leopard gecko zombie (D:7)
  A quokka skeleton (D:6)
  8 rats
  2 fungi (D:5)
284 creatures vanquished.

Vanquished Creatures (collateral kills)
  A hydra (Lair:1)
  A jumping spider (Lair:2)
  2 blink frogs (Lair:2)
  2 yaks
  A crocodile (Lair:1)
  A centaur (D:10)
  A wight (D:8)
  An orc priest (D:10)
  An orc wizard (D:10)
  An orc (D:10)
  A jackal (D:10)
13 creatures vanquished.

Vanquished Creatures (others)
  10 fungi
  3 plants
13 creatures vanquished.

Grand Total: 310 creatures vanquished

Notes
Turn   | Place    | Note
-------+----------+-------------------------------------------
     0 | D:1      | DavidChitty2 the Draconian Conjurer began the quest for the
                  | Orb.
     0 | D:1      | Reached XP level 1. HP: 14/14 MP: 3/3
   106 | D:1      | Reached XP level 2. HP: 17/22 MP: 0/5
   206 | D:1      | Reached skill level 1 in Fighting
   379 | D:1      | Learned a level 2 spell: Searing Ray
   748 | D:1      | Reached XP level 3. HP: 28/28 MP: 3/6
  2689 | D:3      | Reached XP level 4. HP: 36/36 MP: 7/7
  2719 | D:3      | Learned a level 4 spell: Iskenderun's Mystic Blast
  2904 | D:3      | Noticed Terence
  3048 | D:3      | Noticed Blork the orc
  3055 | D:3      | Killed Blork the orc
  3055 | D:3      | Reached skill level 5 in Conjurations
  3055 | D:3      | Reached XP level 5. HP: 42/42 MP: 9/9
  3107 | D:3      | Found a shimmering blue altar of Sif Muna.
  3163 | D:3      | Became a worshipper of Sif Muna the Loreminder
  3869 | D:3      | Killed Terence
  4075 | D:3      | Reached * piety under Sif Muna
  4075 | D:3      | Reached XP level 6. HP: 51/51 MP: 10/10
  5087 | D:5      | Entered Level 5 of the Dungeon
  5149 | D:5      | Your scales start taking on a fiery red colour.
  5149 | D:5      | Reached XP level 7. HP: 44/59 MP: 12/12
  5149 | D:5      | Gained mutation: Your flesh is heat resistant. (rF+) [Red
                  | Draconian growth]
  5586 | D:5      | Noticed Menkaure
  5604 | D:5      | Killed Menkaure
  5763 | D:5      | Reached XP level 8. HP: 67/67 MP: 14/14
  5993 | D:5      | Reached skill level 5 in Fighting
  6412 | D:5      | Found a runed translucent door.
  6413 | D:5      | Noticed Crazy Yiuf
  6488 | D:5      | Killed Crazy Yiuf
  6602 | D:6      | Noticed Grinder
  6607 | D:6      | Killed Grinder
  6607 | D:6      | Reached skill level 5 in Spellcasting
  6622 | D:6      | Reached ** piety under Sif Muna
  6746 | D:6      | Found a transporter.
  6750 | D:6      | Noticed PeterQ's ghost (novice OpAs)
  6808 | D:6      | Found a transporter.
  6912 | D:6      | Found a white marble altar of Elyvilon.
  7301 | D:6      | Found an iron altar of Okawaru.
  7351 | D:6      | Found a staircase to the Ecumenical Temple.
  7555 | D:6      | Reached XP level 9. HP: 60/75 MP: 17/17
  7559 | D:6      | Killed PeterQ's ghost
  7774 | D:7      | Found the +0 Maxwell's etheric cage {RegenMP+ *Contam rElec
                  | MP+4}
  7977 | D:7      | Reached skill level 1 in Shields
  8587 | D:7      | Noticed Harold
  8602 | D:7      | Killed Harold
  8602 | D:7      | Reached skill level 10 in Conjurations
  8915 | D:7      | Found a bloodstained altar of Trog.
  9060 | D:8      | Found a staircase to the Lair.
  9061 | D:8      | Noticed an elephant
  9230 | D:8      | Noticed Grum
  9253 | D:7      | Reached XP level 10. HP: 24/86 MP: 11/20
  9513 | D:8      | Killed Grum
  9704 | D:8      | Reached *** piety under Sif Muna
  9891 | D:8      | Reached skill level 1 in Invocations
 10187 | D:8      | Killed an elephant
 10416 | D:8      | Learned a level 4 spell: Summon Lightning Spire
 10416 | D:8      | Noticed a two-headed ogre
 10426 | D:8      | Killed a two-headed ogre
 10426 | D:8      | Reached skill level 1 in Summonings
 10426 | D:8      | Reached skill level 1 in Air Magic
 11366 | D:8      | Reached skill level 5 in Invocations
 11653 | D:8      | Noticed a two-headed hydra
 11658 | D:8      | Killed a two-headed hydra
 11997 | D:9      | Found an ancient bone altar of Kikubaaqudgha.
 12012 | D:9      | Found a glowing golden altar of the Shining One.
 12012 | D:9      | Found an ornate altar of the Wu Jian Council.
 12032 | D:9      | Reached XP level 11. HP: 75/95 MP: 22/22
 12052 | D:9      | Reached **** piety under Sif Muna
 12990 | D:9      | Found a runed translucent gate.
 12990 | D:9      | Found a runed translucent gate.
 12990 | D:9      | Found a runed translucent gate.
 12990 | D:9      | Noticed hitsuchi's ghost (novice DrTm)
 12994 | D:9      | Identified the +6 whip of the Spinneret {drain, rPois Int-4
                  | SInv}
 13279 | D:8      | Killed hitsuchi's ghost
 13712 | D:10     | Entered Level 10 of the Dungeon
 14995 | D:10     | Found a basalt altar of Yredelemnul.
 15452 | D:10     | Reached ***** piety under Sif Muna
 16021 | Lair:1   | Entered Level 1 of the Lair of Beasts
 16023 | Lair:1   | Noticed an eight-headed hydra
 16216 | Lair:1   | HP: 1/96 [eight-headed hydra (11)]
 17405 | Lair:1   | Noticed Sonja
 17409 | Lair:1   | Killed Sonja
 17409 | Lair:1   | Reached skill level 5 in Summonings
 17602 | Lair:1   | Killed an eight-headed hydra
 17602 | Lair:1   | Reached skill level 5 in Air Magic
 17602 | Lair:1   | Reached XP level 12. HP: 30/103 MP: 1/24
 17886 | Lair:1   | Identified Sif Muna's Guide on Harmful Dark Rituals (Sif
                  | Muna gifted it to you on level 1 of the Lair of Beasts)
 17886 | Lair:1   | Received a gift from Sif Muna
 18018 | Lair:1   | Got a slimy rapier
 18077 | Lair:1   | Reached skill level 10 in Fighting
 18720 | Lair:2   | Found a hole to the Spider Nest.
 18751 | Lair:2   | Mangled by a yak

Levels and vault maps discovered:
D:1:      dpeg_arrival_tiny_c, layout_basic
D:2:      layout_basic
D:3:      layout_loops_ring, first_ration, hangedman_decor_riveting, tgw_sif,
          uniq_terence
D:4:      layout_rooms
D:5:      layout_loops_ring, uniq_menkaure, uniq_crazy_yiuf_cottage
D:6:      layout_rooms, okawaru_ov_weapons_minmay,
          minmay_temple_entry_proselytizer, gammafunk_ghost_stat_death,
          elyvilon_altar_3, uniq_grinder
D:7:      layout_loops_cross, lemuel_coloured_pillars_altar, uniq_harold
D:8:      layout_layer_cave, david_lair_generic, hangedman_ranch
          [blue_anna_fruit_fields], minmay_misc_feat_pillars, uniq_grum
D:9:      layout_basic, grunt_temple_overflow_open,
          gammafunk_ghost_nasty_kobolds, minmay_liquid_box
D:10:     layout_basic, lemuel_mausoleum_altar_yredelemnul
Lair:1:   layout_loops_ring, enter_volcano_1, grunt_megastairs_5, uniq_sonja
Lair:2:   layout_concentric_octagons, spider_nest_entry_a,
          chequers_serial_rivers_micro_e, patterned_corridor

Skill      XL: |  1  2  3  4  5  6  7  8  9 10 11 12 |
---------------+-------------------------------------+-----
Fighting       | 1 2 3 4 6 7 8 9 10 | 10.2
Conjurations   | 5 6 7 9 10 | 10.3
Spellcasting   | 3 4 5 6 7 8 |  8.9
Shields        | 4 |  4.0
Invocations    | 5 8 9 |  9.3
Summonings     | 2 5 |  5.0
Air Magic      | 2 5 |  5.0
Dodging        | |  1.7
Stealth        | |  1.7

Action                   |  1- 3 |  4- 6 |  7- 9 | 10-12 || total
-------------------------+-------+-------+-------+-------++-------
Melee: Spear             |    27 |     4 |    24 |    25 ||    80
       Tailslap          |     1 |     2 |     6 |     8 ||    17
       Staff             |       |       |       |     1 ||     1
 Cast: Magic Dart        |    96 |   144 |   218 |   526 ||   984
       Searing Ray       |     2 |     9 |    10 |    12 ||    33
       Iskenderun's Myst |       |       |    41 |   120 ||   161
       Summon Lightning  |       |       |       |    16 ||    16
Invok: Channel Magic     |       |       |       |     1 ||     1
 Abil: Breathe Fire      |       |       |     1 |    24 ||    25
  Use: Scroll            |       |    11 |     9 |     7 ||    27
       Potion            |       |       |     2 |     1 ||     3
  Eat: Chunk             |     7 |     8 |    13 |    16 ||    44
       Ration            |       |       |     2 |     9 ||    11
Armor: Skin              |    11 |    21 |    77 |   156 ||   265
Dodge: Dodged            |    22 |    32 |    93 |   221 ||   368
Block: Buckler           |       |       |     7 |    84 ||    91

Table legend:
 A = Non-vault XP
 B = Vault XP
 C = Vault XP percentage of total XP
 D = Non-vault monster count
 E = Vault monster count
 F = Vault count percentage of total count
                 A         B        C        D         E       F
            +---------+---------+-------+---------+---------+-------
      Total |   13177 |   11513 |  46.6 |     235 |      60 |  20.3
            +---------+---------+-------+---------+---------+-------
        D:1 |      57 |       0 |   0.0 |      23 |       0 |   0.0
        D:2 |      38 |       0 |   0.0 |      16 |       0 |   0.0
        D:3 |     150 |     136 |  47.6 |      36 |       2 |   5.3
        D:4 |     342 |       0 |   0.0 |      10 |       0 |   0.0
        D:5 |     833 |     215 |  20.5 |      24 |       2 |   7.7
        D:6 |     529 |    1033 |  66.1 |      18 |       7 |  28.0
        D:7 |     556 |    1431 |  72.0 |      15 |       4 |  21.1
        D:8 |    2118 |    4296 |  67.0 |      31 |      15 |  32.6
        D:9 |    1996 |    1874 |  48.4 |      17 |      11 |  39.3
       D:10 |    1475 |     766 |  34.2 |      22 |      12 |  35.3
     Lair:1 |    3521 |    1368 |  28.0 |      16 |       5 |  23.8
     Lair:2 |    1562 |     394 |  20.1 |       7 |       2 |  22.2
            +---------+---------+-------+---------+---------+-------
